 Dungeon Crawl Stone Soup version 0.26.1-11-gd32895ea62 (webtiles) character file.

Game seed: 13008604860096861628

441 Zeld the Chucker (level 7, -2/45 HPs)
             Began as an Octopode Brigand on May 14, 2021.
             Killed from afar by an orc wizard (7 damage)
             ... with a magic dart
             ... on level 4 of the Dungeon.
             The game lasted 00:07:20 (5231 turns).

Zeld the Chucker (Octopode Brigand)                 Turns: 5231, Time: 00:07:20

Health: -2/45      AC:  1    Str: 12    XL:     7   Next: 2%
Magic:  11/12      EV: 13    Int: 14    God:
Gold:   297        SH:  0    Dex: 13    Spells: 13/13 levels left

rFire    . . .     SeeInvis .   a - +2 dagger
rCold    . . .     Faith    .   (no shield)
rNeg     . . .     Spirit   .   d - +0 hat
rPois    .         Reflect  .   (no amulet)
rElec    .         Harm     .   (no ring)
rCorr    .         Rampage  .   (no ring)
Will     .....                  (no ring)
Stlth    ++++......             (no ring)
HPRegen  0.15/turn              (no ring)
MPRegen  0.13/turn              (no ring)
                                (no ring)
                                (no ring)

@: attractive, slowed, very slow
A: almost no armour, stealthy swim, amphibious, 8 rings, constrict 8, camouflage
1, gelatinous body 1
a: no special abilities


You were on level 4 of the Dungeon.
You visited 1 branch of the dungeon, and saw 4 of its levels.

You collected 297 gold pieces.

Inventory:

Hand Weapons
 a - a +2 dagger (weapon)
Missiles
 b - 7 poisoned darts (quivered)
 c - 4 curare-tipped darts
Armour
 d - a +0 hat (worn)
Scrolls
 e - 5 scrolls of identify {unknown}
 f - 3 scrolls of remove curse {unknown}
 g - 3 scrolls of fear {unknown}
 k - 2 scrolls of immolation {unknown}
 l - 2 scrolls of amnesia {unknown}
 n - a scroll of random uselessness {unknown}
 o - a scroll of enchant armour {unknown}
Potions
 h - 2 potions of attraction
 i - 2 potions of haste {unknown}
 j - 3 potions of curing {unknown}
 m - a potion of resistance {unknown}
 p - a potion of lignification {unknown}


   Skills:
 - Level 2.0 Fighting
 - Level 2.0 Short Blades
 - Level 6.0 Throwing
 - Level 1.0 Dodging
 - Level 5.3 Stealth
 + Level 3.5 Spellcasting


You had 13 spell levels left.
You didn't know any spells.
Your spell library was empty.

Dungeon Overview and Level Annotations

Branches:
Dungeon (4/15)
 Temple: D:4-7

Altars:
Gozag
Okawaru
Qazlal


Innate Abilities, Weirdness & Mutations

You cannot wear most types of armour.
You are very stealthy in the water. (Stealth+)
You are amphibious.
You can wear up to eight rings at the same time.
You can use your tentacles to constrict eight enemies at once.
Your skin changes colour to match your surroundings (Stealth+).
Your rubbery body absorbs attacks. (AC +1, EV +1)


Message History

You squeeze the orc wizard!
The orc wizard is almost dead.
The orc wizard hits you with a +0 dagger.
* * * LOW HITPOINT WARNING * * *
The orc wizard casts a spell.
The orc wizard blinks!
Throw: 8 darts (poison)
Press: ? - help, Q - select action, (/) - cycle Shift-Dir - straight line, f - orc wizard
Aim: an orc wizard, wielding a +0 dagger and wearing a +0 robe (almost dead, fast, 55% to hit)
You throw a poisoned dart.
The poisoned dart closely misses the orc wizard.
Throw: 7 darts (poison)
Press: ? - help, Q - select action, (/) - cycle Shift-Dir - straight line, f/p - orc wizard
Aim: an orc wizard, wielding a +0 dagger and wearing a +0 robe (almost dead, fast, 55% to hit)
Okay, then.
It was a potion of attraction.
You feel attractive to monsters. The orc wizard casts a spell at you.
The magic dart hits you!
You die...

.########
#.##
....<...#
#.#
#.#####..
### #.# #.#
#.. #.#
#.#########
#.# #.#
..........#
#.# #.#
#.#######.#
#.# #)# #.#
#.# #.# #)#
#.# #.# #@#
#.# #.# #.#
#.# #.# #.#
#.# #)# #>#
#.# #.# #o#
####.# #.#
#.# #)#
#######....#
# ##.## #.#
...........#
. ##.#.##
#.#
#######.##.#
# #.###.#
#(# #.##.#
#..#.## #.#
#.##.#


You could see an orc wizard (fast).

Vanquished Creatures
  An ogre (D:4)
  A hound (D:3)
  An orc priest (D:3)
  An orc wizard (D:4)
  3 worker ants
  7 adders
  An ooze (D:2)
  5 worms
  2 dart slugs
  3 leopard geckos (D:3)
  17 orcs
  A ball python (D:2)
  10 giant cockroaches
  8 goblins
  8 hobgoblins
  3 jackals (D:3)
  A quokka (D:2)
  3 bats
  6 frilled lizards
  11 kobolds
  7 rats
100 creatures vanquished.

Notes
Turn   | Place    | Note
-------+----------+-------------------------------------------
     0 | D:1      | Zeld the Octopode Brigand began the quest for the Orb.
     0 | D:1      | Reached XP level 1. HP: 14/14 MP: 1/1
   227 | D:1      | Reached XP level 2. HP: 14/19 MP: 2/2
   750 | D:1      | Reached skill level 1 in Spellcasting
  1018 | D:2      | Reached skill level 3 in Throwing
  1018 | D:2      | Reached XP level 3. HP: 24/24 MP: 4/4
  1449 | D:2      | Reached XP level 4. HP: 29/29 MP: 6/6
  1807 | D:2      | Found an opulent altar of Gozag.
  1862 | D:2      | Found an iron altar of Okawaru.
  2142 | D:3      | Reached skill level 4 in Throwing
  2196 | D:3      | Reached XP level 5. HP: 28/34 MP: 8/8
  3311 | D:3      | Reached skill level 5 in Throwing
  3311 | D:3      | Reached XP level 6. HP: 7/39 MP: 8/10
  4855 | D:4      | Found a stormy altar of Qazlal.
  4857 | D:4      | Noticed an air elemental
  4862 | D:4      | Noticed a fire elemental
  4862 | D:4      | Noticed a water elemental
  5223 | D:4      | Reached skill level 6 in Throwing
  5223 | D:4      | Reached XP level 7. HP: 30/45 MP: 10/12
  5231 | D:4      | Killed from afar by an orc wizard

Illustrated notes

Levels and vault maps discovered:
D:1:      dpeg_arrival_morbid_curiosity, layout_rooms, st_stairs_2
D:2:      layout_basic, kennysheep_okawaru_gauntlet,
          nicolae_gozag_cash_rules_everything_around_me,
          minmay_worlds_worst_comb
D:3:      layout_basic
D:4:      layout_loops_ring, nicolae_qazlal_style_of_elements

Skill      XL: |  1  2  3  4  5  6 |
---------------+-------------------+-----
Spellcasting   | 1 2 3 |  3.5
Throwing       | 3 4 5 6 |  6.0
Fighting       | |  2.0
Short Blades   | |  2.0
Dodging        | |  1.0
Stealth        | |  5.3

Action                   |  1- 3 |  4- 6 |  7- 9 || total
-------------------------+-------+-------+-------++-------
Melee: Dagger            |    70 |   151 |     4 ||   225
       Constrict         |    16 |    36 |       ||    52
       Tentacles         |    10 |    27 |     2 ||    39
Throw: Dart              |       |    10 |     1 ||    11
  Use: Potion            |       |       |     1 ||     1
 Stab: Sleeping          |    10 |    20 |       ||    30
       Distracted        |       |     1 |       ||     1
Armor: Skin              |     4 |     3 |       ||     7
Dodge: Dodged            |    54 |    77 |     2 ||   133
